 Dungeon Crawl Stone Soup version 0.27-a0-869-g165b36e3f0 (webtiles) character file.

Game seed: 15711646203818640454

333 mhtbhm the Magician (level 6, -5/41 HPs)
             Began as a Djinni Fire Elementalist on Apr 2, 2021.
             Was an Initiate of Gozag.
             Killed by divine providence
             ... invoked by an orc priest
              (14 damage)
             ... on level 4 of the Dungeon.
             The game lasted 00:08:43 (6613 turns).

mhtbhm the Magician (Djinni Fire Elementalist)      Turns: 6613, Time: 00:08:44

Health: -5/41      AC:  2    Str:  7    XL:     6   Next: 52%
Gold:   515        EV: 13    Int: 18    God:    Gozag SH:  0 Dex: 14

rFire    + + .     SeeInvis .     - Unarmed
rCold    x . .     Faith    .   (no shield)
rNeg     . . .     Spirit   .   a - +0 robe
rPois    ∞         Reflect  .   (no helmet)
rElec    .         Harm     .   (no cloak)
rCorr    .         Rampage  .   (no gloves)
Will     .....                  (boots unavailable)
Stlth    ++........             (no amulet)
HPRegen  0.13/turn              (no ring)
MPRegen  0.00/turn              (no ring)

@: gold aura, flying
A: fire resistance 2, cold vulnerability 1, float, innate caster, hp casting,
extra vitality 1
a: Renounce Religion, Potion Petition, Call Merchant, Bribe Branch


You were on level 4 of the Dungeon.
You worshipped Gozag.
Gozag was pleased with you.
You visited 1 branch of the dungeon, and saw 5 of its levels.

You collected 515 gold pieces.

Inventory:

Armour
 a - a +0 robe (worn)
Scrolls
 d - a scroll of vulnerability {unknown}
 f - a scroll of fear {unknown}
 g - 3 scrolls of identify {unknown}
 h - 3 scrolls of teleportation {unknown}
 i - a scroll of enchant weapon {unknown}
 k - 2 scrolls of silence {unknown}
 n - a scroll of magic mapping {unknown}
Potions
 b - a potion of ambrosia {unknown}
 c - 2 potions of flight {unknown}
 e - a potion of heal wounds {unknown}
 j - 3 potions of berserk rage {unknown}
 l - 4 potions of curing {unknown}
 m - a potion of brilliance {unknown}


   Skills:
 + Level 0.9 Fighting
 + Level 3.7 Dodging
 + Level 2.3 Stealth
 + Level 1.6 Unarmed Combat
 + Level 4.9 Spellcasting


You couldn't memorise any spells.
You knew the following spells:

 Your Spells              Type           Power      Damage    Failure   Level
a - Foxfire               Conj/Fire      88%        2x1d8     1%          1
b - Conjure Flame         Conj/Fire      22%        6-21      5%          3
c - Inner Flame           Hex/Fire       22%        N/A       5%          3
d - Sticky Flame          Conj/Fire      22%        2d4       19%         4
e - Fireball              Conj/Fire      11%        3d7       45%         5
f - Pain                  Necr           88%        1d8       1%          1
g - Wereblood             Tmut           22%        N/A       2%          2
Your spell library was empty.

Dungeon Overview and Level Annotations

Branches:
Dungeon (5/15)             Temple (0/1) D:4

Altars:
Gozag
Makhleb
Yredelemnul
The Shining One


Innate Abilities, Weirdness & Mutations

You are immune to poison.
Your flesh is very heat resistant. (rF++)
You are vulnerable to cold. (rC-)
You float through the air rather than walking.
You learn spells naturally, not from books.
Your magical power is your life essence.
You have superior vitality. (+4 HP)


Message History

Your foxfire dissipates!
The foxfire hits the orc.
You kill the orc!
Unknown command.
Casting: Foxfire (safe; 1% risk of failure)
Confirm with . or Enter, or press ? or * to list all spells.
You conjure some foxfire!
The hound skeleton becomes distracted by the nearby gold, dreaming of imaginary riches.
The orc priest hits you with a +0 war axe.
The orc priest barely misses your foxfire.
The foxfire hits the orc priest but does no damage.
The foxfire hits the orc priest.
The orc priest is lightly wounded.
The orc priest becomes distracted by the nearby gold, dreaming of imaginary riches.
The orc priest shouts!
Unknown command.
Casting: Foxfire (safe; 1% risk of failure)
Confirm with . or Enter, or press ? or * to list all spells.
You conjure some foxfire!
The hound skeleton is no longer distracted by gold.
The foxfire hits the endoplasm.
The endoplasm is heavily wounded.
The foxfire hits the endoplasm.
The endoplasm is almost dead.
Unknown command.
Casting: Foxfire (safe; 1% risk of failure)
Confirm with . or Enter, or press ? or * to list all spells.
You conjure some foxfire!
The orc priest is no longer distracted by gold.
The endoplasm freezes you.
You are frozen.
You feel a terrible chill!
* * * LOW HITPOINT WARNING * * *
The foxfire hits the endoplasm!
You kill the endoplasm!
The foxfire hits the orc priest.
The orc priest is moderately wounded.
The orc priest invokes the aid of Beogh against you.
Beogh smites you!
You die...
Your body crumbles into a pile of gold.

#######+..≈ ....≈≈ ..
....≈≈ ... ....≈≈ ....
....≈≈ .##########....
.....≈ ...............
#... ................ ...
.......§@(...... ...
........§....... .
........$.......
.....#.Zo.......#.
......#$..##...#..$
.......#..##..#...
$......$.#....#...########
........v#..#....(.......
......##..##..##.........


You could see an orc priest and a hound skeleton.

Vanquished Creatures
  A necrophage (D:3)
  A howler monkey (D:4)
  Jessica (D:2)
  A hound skeleton (D:5)
  4 gnolls (D:3)
  3 adders
  A worm (D:3)
  2 dart slugs
  8 orcs
  8 ball pythons
  7 endoplasms
  4 giant cockroaches
  11 hobgoblins
  6 jackals (D:3)
  6 quokkas
  4 bats
  A frilled lizard (D:1)
  5 goblins
  6 kobolds
  5 rats
85 creatures vanquished.

Vanquished Creatures (others)
  235 foxfires
235 creatures vanquished.

Grand Total: 320 creatures vanquished

Notes
Turn   | Place    | Note
-------+----------+-------------------------------------------
     0 | D:1      | mhtbhm the Djinni Fire Elementalist began the quest for the
                  | Orb.
     0 | D:1      | Reached XP level 1. HP: 15/15 MP: 0/0
   193 | D:1      | Reached skill level 3 in Spellcasting
   300 | D:1      | Reached XP level 2. HP: 8/21 MP: 0/0
  1483 | D:1      | Reached XP level 3. HP: 15/25 MP: 0/0
  1483 | D:1      | Learned a level 1 spell: Pain
  2469 | D:2      | Found a burning altar of Makhleb.
  2537 | D:2      | Noticed Jessica
  2540 | D:2      | Killed Jessica
  2541 | D:2      | Reached XP level 4. HP: 27/31 MP: 0/0
  2706 | D:2      | Found a faded altar of an unknown god.
  3535 | D:2      | Became a worshipper of Gozag Ym Sagoz the Greedy
  3560 | D:3      | Found a basalt altar of Yredelemnul.
  3896 | D:3      | Reached skill level 4 in Spellcasting
  4055 | D:3      | Reached skill level 1 in Unarmed Combat
  4366 | D:3      | Reached XP level 5. HP: 19/35 MP: 0/0
  4366 | D:3      | Learned a level 2 spell: Wereblood
  4553 | D:3      | Found a glowing golden altar of the Shining One.
  5507 | D:3      | Noticed a necrophage
  5535 | D:3      | Killed a necrophage
  5536 | D:3      | Reached XP level 6. HP: 20/41 MP: 0/0
  6126 | D:5      | Entered Level 5 of the Dungeon
  6280 | D:4      | Found a staircase to the Ecumenical Temple.
  6613 | D:4      | Killed from afar by an orc priest

Illustrated notes

Levels and vault maps discovered:
D:1:      dpeg_arrival_round_c, layout_loops_corners
D:2:      layout_basic, ebering_ecumenical_altar_box, basic_altar, uniq_jessica
D:3:      layout_loops_corners, overflow_temple_1_default,
          amcnicky_altar_gilded, kennysheep_generic_room_6
D:4:      layout_gridville, temple_pool_b, minivault_26,
          minmay_misc_feat_square, uniq_crazy_yiuf_cottage
D:5:      layout_loops_ring, kennysheep_mini_moat, nicolae_alphabet_shops,
          grunt_decor_fettered, corexii_hall_statues_t, palyth_stone_intersect,
          patterned_corridor

Skill      XL: |  1  2  3  4  5 |
---------------+----------------+-----
Spellcasting   | 3 4 |  4.9
Unarmed Combat | 1 |  1.6
Stealth        | 2 |  2.3
Dodging        | 3 |  3.7
Fighting       | |  0.9

Action                   |  1- 3 |  4- 6 || total
-------------------------+-------+-------++-------
Melee: Unarmed           |     3 |    29 ||    32
 Cast: Foxfire           |    52 |   112 ||   164
Armor: Robe              |     6 |    18 ||    24
Dodge: Dodged            |    17 |    75 ||    92

Table legend: (Time is in decaauts)
 A = Elapsed time spent in this place.
 B = Non-inter-level travel time spent in this place.
 C = Inter-level travel time spent in this place.
 D = Time resting spent in this place.
 E = Time spent auto-exploring this place.
 F = Levels seen in this place.
 G = Mean time per level.
                   A        B        C        D        E       F      G
               +--------+--------+--------+--------+--------+-----+--------+
         Total |   6611 |   6522 |     89 |   1147 |   4292 |   5 | 1322.2 |
       Dungeon |   6611 |   6522 |     89 |   1147 |   4292 |   5 | 1322.2 |
               +--------+--------+--------+--------+--------+-----+--------+

Top non-repeatable levels by time:
     D:3: 2542 daAuts
     D:1: 2142 daAuts
     D:2: 1406 daAuts
     D:4: 438 daAuts
     D:5: 82 daAuts
